cohdb
Replays
Latest Replays
All Replays
Popular Replays
Top Player Replays
Match Explorer
How It Works
Community
CoH3 Stats
Reddit
Sign in to upload your games and track your stats! →
Sign in with Steam
Match 37943248
Unlisted
Match 37943248
Overview
Messages
Build Orders
End
Vickers Machine Gun Team
Construct Section Command Post
Selects Air and Sea Battlegroup
Infantry Section
Infantry Section
Construct Field Infirmary
Grenade Package
Selects Naval Blockade
Selects Supply Surplus
Construct Platoon Command Post
Construct Resource Cache
Construct Resource Cache
6-pounder Anti-tank Gun Team
Construct Company Command Post
Selects Commando Section Paradrop
Selects M1 Pack Howitzer Paradrop
Unlock M3 Grant Medium Tanks
Construct Resource Cache
JôJô
Graset
Klimek_8912
만년 뉴비
Waterboy
熊猫Real tiger
9898595958
CPU - VERY EASY
0
0
Comments
sign in to comment!
No comments posted yet!